 Dungeon Crawl Stone Soup version 0.31-a0-1009-g454b1f1e0a (webtiles) character file.

Game seed: 11013216125797445354

455 ChronoRanger the Chopper (level 7, -4/91 HPs)
             Began as a Hill Orc Berserker on Nov 15, 2023.
             Was a Priest of Trog.
             Slain by an ogre
             ... wielding a +0 giant club
              (21 damage)
             ... on level 6 of the Dungeon.
             The game lasted 00:06:52 (4283 turns).

ChronoRanger the Chopper (Hill Orc Berserker)       Turns: 4283, Time: 00:06:53

Health: -4/91      AC: 10    Str: 22    XL:     7   Next: 5%
Magic:  7/7        EV:  8    Int:  7    God:    Trog [***...]
Gold:   256        SH:  0    Dex: 10    Spells: 6/6 levels left

rFire   . . .        b - +0 war axe
rCold   . . .        (no shield)
rNeg    . . .        f - +0 chain mail
rPois   .            (no helmet)
rElec   .            (no cloak)
rCorr   .            j - +0 pair of gloves
SInv    .            (no boots)
Will    .....        (no amulet) Stlth
                     (no ring)
HPRegen 0.35/turn    (no ring)
MPRegen 0.10/turn

%: no passive effects
@: berserking, very quick
A: no striking features
a: Renounce Religion, Berserk, Trog's Hand


You were on level 6 of the Dungeon.
You worshipped Trog.
Trog was most pleased with you.
You visited 1 branch of the dungeon, and saw 6 of its levels.

You collected 256 gold pieces.

Inventory:

Hand Weapons
 b - a +0 war axe (weapon)
Armour
 f - a +0 chain mail (worn)
 j - a +0 pair of gloves (worn)
Scrolls
 c - 6 scrolls of teleportation
 d - a scroll of enchant weapon
 i - a scroll of silence {unknown}
 k - a scroll of poison {unknown}
Potions
 a - a potion of haste
 e - a potion of heal wounds
 g - 2 potions of curing
 h - a potion of berserk rage


   Skills:
 + Level 5.5 Fighting
 * Level 7.7 Axes
 + Level 4.4 Armour
 - Level 1.5 Dodging


You had 6 spell levels left.
You didn't know any spells.
Your spell library was empty.

Dungeon Overview and Level Annotations

Branches:
Dungeon (6/15)
 Temple: D:4-7

Altars:
Ashenzari
Dithmenos
Hepliaklqana
Nemelex Xobeh
Okawaru
Qazlal
Uskayaw
Vehumet
Wu Jian
The Shining One


Message History

i - a viscous red potion
Found 9 stones.
You see here 9 stones.
Found a scroll of identify.
l - a scroll of identify
As you read the scroll of identify, it crumbles to dust.
i - a potion of magic
Found a scroll labelled XUNKED DOUQECK.
You drop a potion of magic.
i - a scroll labelled XUNKED DOUQECK
There is a stone staircase leading up, spattered with blood here.
You see here a +0 giant spiked club.
Found a book of the Hunter.
You see here a book of the Hunter.
Done exploring.
Done exploring.
There is a stone staircase leading down here.
You climb downwards.
Found a scroll labelled MOQEIR XUISTA.
There is a stone staircase leading up here.
Found a twisted brass wand.
The ogre hits you with a +0 giant club!
You barely miss the ogre. You slash the ogre!
The ogre is moderately wounded.
The ogre hits you with a +0 giant club!
You hit the ogre.
The ogre is moderately wounded.
The ogre closely misses you.
You closely miss the ogre.
The ogre is moderately wounded.
The ogre hits you with a +0 giant club!!
* * * LOW HITPOINT WARNING * * *
You are too injured to fight recklessly!
A red film seems to cover your vision as you go berserk!
You feel yourself moving faster!
You feel mighty!
You hit the ogre.
The ogre is heavily wounded.
The ogre hits you with a +0 giant club!!
You die...

# # .# #. ..#
#.####..#
#.?<....###
#...##........
#.. #@###.###
.......O# #
........#
........+
........#
.../....#
#.....#..
##...####


You could see an ogre.

Vanquished Creatures
  An ogre (D:5)
  A centaur (D:5)
  A scorpion (D:4)
  A howler monkey (D:5)
  An orc priest (D:5)
  An orc wizard (D:5)
  5 adders
  A shadow imp (D:5)
  A worm (D:2)
  3 dart slugs
  5 orcs
  9 ball pythons
  6 bats
  11 endoplasms
  A giant cockroach (D:1)
  6 hobgoblins
  3 jackals (D:1)
  A quokka (D:1)
  A frilled lizard (D:1)
  13 goblins
  8 kobolds
  2 rats
82 creatures vanquished.

Notes
Turn   | Place    | Note
-------+----------+-------------------------------------------
     0 | D:1      | ChronoRanger the Hill Orc Berserker began the quest for the
                  | Orb.
     0 | D:1      | Reached XP level 1. HP: 19/19 MP: 1/1
    50 | D:1      | Reached XP level 2. HP: 14/27 MP: 2/2
   104 | D:1      | You fall into a shaft and drop 1 floor!
   419 | D:1      | Reached XP level 3. HP: 32/33 MP: 3/3
   453 | D:1      | Reached ** piety under Trog
   460 | D:1      | Reached skill level 5 in Axes
   657 | D:1      | Found a faded altar of an unknown god.
  1026 | D:2      | Reached XP level 4. HP: 40/40 MP: 4/4
  1310 | D:2      | Found a hide-covered altar of Uskayaw.
  1917 | D:3      | Found a shadowy altar of Dithmenos.
  2377 | D:3      | Found an ornate altar of the Wu Jian Council.
  2384 | D:3      | Found an iron altar of Okawaru.
  2390 | D:3      | Found a broken altar of Ashenzari.
  2398 | D:3      | Found a sparkling altar of Nemelex Xobeh.
  2403 | D:3      | Found a stormy altar of Qazlal.
  2414 | D:3      | Found a radiant altar of Vehumet.
  2421 | D:3      | Found a glowing golden altar of the Shining One.
  2696 | D:4      | Reached XP level 5. HP: 37/47 MP: 5/5
  3150 | D:4      | Reached skill level 6 in Axes
  3378 | D:4      | Reached *** piety under Trog
  3390 | D:5      | Entered Level 5 of the Dungeon
  3390 | D:5      | Noticed an ogre
  3401 | D:5      | Killed an ogre
  3402 | D:5      | Reached skill level 5 in Fighting
  3402 | D:5      | Reached XP level 6. HP: 52/56 MP: 6/6
  3408 | D:5      | Reached skill level 7 in Axes
  3780 | D:5      | Identified the +2 long sword "Kaefuopn" {vamp, +Blink rF+}
  3811 | D:5      | Found a hazy altar of Hepliaklqana.
  3918 | D:5      | Reached XP level 7. HP: 38/61 MP: 7/7
  4283 | D:6      | Slain by an ogre

Illustrated notes

Levels and vault maps discovered:
D:1:      wheals_arrival_shading, layout_rooms, shapermc_ecumenical_altar_petra
D:2:      layout_loops_cross, basic_altar
D:3:      kennysheep_the_goblin_king, layout_loops_ring,
          grunt_dithmenos_smoke_and_mirrors, grunt_temple_overflow_octagram,
          serial_rivers, chequers_serial_rivers_small_3,
          chequers_serial_rivers_room_a, chequers_serial_rivers_small_3,
          chequers_serial_rivers_small_3, chequers_serial_rivers_micro_d,
          chequers_serial_rivers_micro_e
D:4:      layout_loops_ring, chequers_serial_rivers_micro_a,
          minmay_misc_feat_plants
D:5:      layout_loops_ring, nzn_hepliaklqana_mist_gate
D:6:      layout_loops_corners, kennysheep_orc_sif_temple, item_on_display_a

Skill      XL: |  1  2  3  4  5  6 |
---------------+-------------------+-----
Fighting       | 4 5 |  5.5
Axes           | 5 6 7 |  7.7
Armour         | 3 4 |  4.4
Dodging        | |  1.5

Action                     |  1- 3 |  4- 6 |  7- 9 || total
---------------------------+-------+-------+-------++-------
  Melee: Hand axe          |   114 |    16 |       ||   130
         War axe           |       |    94 |     5 ||    99
         Punch             |       |     2 |       ||     2
 Invoke: Berserk           |       |     1 |     1 ||     2
    Use: Scroll            |       |    11 |     2 ||    13
 Armour: Animal skin       |    10 |       |       ||    10
         Ring mail         |    42 |       |       ||    42
         Chain mail        |    15 |    99 |     4 ||   118
  Dodge: Dodged            |    50 |    46 |     1 ||    97

Table legend: (Time is in decaauts)
 A = Elapsed time spent in this place.
 B = Non-inter-level travel time spent in this place.
 C = Inter-level travel time spent in this place.
 D = Time resting spent in this place.
 E = Time spent auto-exploring this place.
 F = Levels seen in this place.
 G = Mean time per level.
                   A        B        C        D        E       F      G
               +--------+--------+--------+--------+--------+-----+--------+
         Total |   4327 |   4155 |    172 |    122 |   3336 |   6 |  721.2 |
       Dungeon |   4327 |   4155 |    172 |    122 |   3336 |   6 |  721.2 |
               +--------+--------+--------+--------+--------+-----+--------+

Top non-repeatable levels by time:
     D:3: 1101 daAuts
     D:5: 899 daAuts
     D:2: 815 daAuts
     D:4: 780 daAuts
     D:1: 723 daAuts
     D:6: 8 daAuts
